 Dungeon Sprint DCSS version 0.21.1-1-g345015fe64 (webtiles) character file.

156 Groucho the Insei (level 5, -10/38 HPs)
             Began as an Octopode Transmuter on Apr 15, 2018.
             Was an Initiate of Wu Jian.
             Mangled by a troll (14 damage)
             ... in the Dungeon (Sprint IX: "|||||||||||||||||||||||||||||").
             The game lasted 00:01:18 (1107 turns).

Groucho the Insei (Octopode Transmuter)             Turns: 1107, Time: 00:01:19

Health: -10/38     AC:  2    Str:  9    XL:     5   Next: 37%
Magic:  8/11       EV: 25    Int: 16    God:    Wu Jian [......]
Gold:   0          SH:  0    Dex: 24    Spells: 9/13 levels left

rFire    . . .     SeeInvis .     - Unarmed
rCold    . . .     Gourm    .   (shield currently unavailable)
rNeg     . . .     Faith    .   (helmet currently unavailable)
rPois    x         Spirit   .   (no amulet)
rElec    .         Reflect  .   m - +3 ring of dexterity
rCorr    .         Harm     .   n - +3 ring of dexterity
MR       .....     NoTele   +   (no ring)
Stlth    ++........             (no ring)
HPRegen  0.12/turn              (no ring)
MPRegen  0.12/turn              (no ring)
                                (no ring)
                                (no ring)

@: spider-form, very slightly contaminated, invisible
A: tiny, almost no armour, stealthy swim, (amphibious), 8 rings, (constrict 8)
a: End Transformation, Renounce Religion


You were in the Dungeon.
You worshipped Wu Jian.
Wu Jian was noncommittal.
You were hungry.
You were a venomous arachnid creature.
You visited 1 branch

Inventory:

Missiles
 a - 12 arrows
Jewellery
 m - a +3 ring of dexterity (left front leg)
 n - a +3 ring of dexterity (right front leg)
Wands
 l - a wand of iceblast (10)
Scrolls
 i - 2 scrolls of blinking
 j - 3 scrolls of remove curse
 k - 2 scrolls of amnesia
Potions
 d - 4 potions of curing
 e - 2 potions of heal wounds
 f - a potion of haste
 g - 4 potions of magic
Books
 b - a book of Changes

   Spells                             Type                      Level
   a - Beastly Appendage              Transmutation                1
   b - Sticks to Snakes               Transmutation                2
   c - Spider Form                    Transmutation/Poison         3
   d - Ice Form                       Ice/Transmutation            4
   e - Blade Hands                    Transmutation                5
Comestibles
 c - a ration


   Skills:
 + Level 4.6 Fighting
 + Level 4.9 Dodging
 + Level 5.5 Unarmed Combat
 + Level 4.6 Spellcasting
 + Level 5.0 Transmutations


You had 9 spell levels left.
You knew the following spells:

 Your Spells              Type           Power        Failure   Level  Hunger
a - Beastly Appendage     Tmut           ###...       8%          1    None
b - Spider Form           Tmut/Pois      ##........   36%         3    ###....


Dungeon Overview and Level Annotations

Branches:
Dungeon (1/1)

Altars:
Cheibriados
Dithmenos
Elyvilon
Fedhas
Gozag
Hepliaklqana
Kikubaaqudgha
Makhleb
Nemelex Xobeh
Okawaru
Qazlal
Ru
Sif Muna
Trog
Uskayaw
Vehumet
Wu Jian
Xom
Yredelemnul
Zin
The Shining One
Beogh
Jiyva
Lugonu


Innate Abilities, Weirdness & Mutations

You cannot wear most types of armour.
You are very stealthy in the water. (Stealth+)
((You are amphibious.))
You can wear up to eight rings at the same time.
((You can use your tentacles to constrict eight enemies at once.))
((Your skin changes colour to match your surroundings (Stealth+).))
((Your rubbery body absorbs attacks. (AC +1, EV +1)))


Message History

The troll is severely wounded.
The troll closely misses you. The troll claws you!
The troll completely misses you.
Casting: Spider Form
Confirm with . or Enter, or press ? or * to list all spells.
You don't know that spell.
Unknown command.
Casting: Spider Form
Confirm with . or Enter, or press ? or * to list all spells.
You turn into a venomous arachnid creature.
The troll completely misses you. The troll misses you.
The troll closely misses you.
You hit the troll.
The troll looks as sick as possible!
The troll is severely wounded.
The troll bites you.
* * * LOW HITPOINT WARNING * * *
The troll claws you!
* * * LOW HITPOINT WARNING * * *
The troll claws you!
You die...

▓_▓
▓_▓
▓_▓
▓_▓
▓_▓
▓_▓
▓'▓
▓.▓
▓s▓
▓T▓
▓T▓
▓W▓
▓a▓
▓Z▓
▓.▓
▓.▓
▓Z▓


You could see 2 trolls, a wraith, a worker ant and a bat zombie.

Vanquished Creatures
  A necrophage (D)
  A crimson imp (D)
  A gnoll (D)
  An adder (D)
  2 shadow imps (D)
  A dart slug (D)
  A giant cockroach (D)
  A goblin (D)
  A kobold (D)
  A ball python (D)
11 creatures vanquished.

Notes
Turn   | Place    | Note
-------+----------+-------------------------------------------
     0 | D        | Groucho the Octopode Transmuter began the quest for the Orb.
     0 | D        | Reached XP level 1. HP: 13/13 MP: 3/3
    15 | D        | Reached XP level 2. HP: 9/19 MP: 5/5
   379 | D        | Noticed a necrophage
   379 | D        | Noticed a crimson imp
   387 | D        | Reached XP level 3. HP: 25/25 MP: 4/7
   393 | D        | Killed a necrophage
   393 | D        | Reached skill level 5 in Unarmed Combat
   393 | D        | Reached XP level 4. HP: 15/32 MP: 6/10
   394 | D        | Reached XP level 5. HP: 17/37 MP: 6/11
  1028 | D        | Found a roughly hewn altar of Beogh.
  1028 | D        | Found a snail-covered altar of Cheibriados.
  1028 | D        | Found a shadowy altar of Dithmenos.
  1028 | D        | Found a white marble altar of Elyvilon.
  1028 | D        | Found a blossoming altar of Fedhas.
  1028 | D        | Found an opulent altar of Gozag.
  1029 | D        | Found a hazy altar of Hepliaklqana.
  1030 | D        | Found a viscous altar of Jiyva.
  1031 | D        | Found an ancient bone altar of Kikubaaqudgha.
  1032 | D        | Found a corrupted altar of Lugonu.
  1033 | D        | Found a burning altar of Makhleb.
  1034 | D        | Found a sparkling altar of Nemelex Xobeh.
  1035 | D        | Found an iron altar of Okawaru.
  1036 | D        | Found a stormy altar of Qazlal.
  1037 | D        | Found a sacrificial altar of Ru.
  1038 | D        | Found a deep blue altar of Sif Muna.
  1039 | D        | Found a bloodstained altar of Trog.
  1040 | D        | Found a hide-covered altar of Uskayaw.
  1041 | D        | Found a radiant altar of Vehumet.
  1042 | D        | Found an ornate altar of the Wu Jian Council.
  1043 | D        | Found a shimmering altar of Xom.
  1044 | D        | Found a basalt altar of Yredelemnul.
  1045 | D        | Found a glowing silver altar of Zin.
  1046 | D        | Found a glowing golden altar of the Shining One.
  1050 | D        | Became a worshipper of the Wu Jian Council
  1077 | D        | Learned a level 3 spell: Spider Form
  1078 | D        | Noticed a troll
  1078 | D        | Noticed a troll
  1078 | D        | Noticed a wraith
  1083 | D        | Reached skill level 5 in Transmutations
  1107 | D        | Mangled by a troll

Skill      XL: |  1  2  3  4  5 |
---------------+----------------+-----
Fighting       | 2 4 |  4.6
Dodging        | 3 4 |  4.9
Spellcasting   | 3 4 |  4.6
Transmutations | 3 4 5 |  5.0
Unarmed Combat | 5 |  5.5

Action                   |  1- 3 |  4- 6 || total
-------------------------+-------+-------++-------
Melee: Unarmed           |    21 |    18 ||    39
       Constrict         |     6 |     1 ||     7
       Tentacles         |     7 |       ||     7
       Kick              |     4 |     1 ||     5
       Punch             |     1 |     1 ||     2
 Cast: Beastly Appendage |     1 |       ||     1
       Spider Form       |       |     2 ||     2
Invok: Lunge             |       |     2 ||     2
  Use: Potion            |     1 |     3 ||     4
 Stab: Sleeping          |     1 |       ||     1
       Invisible         |       |     1 ||     1
Armor: Skin              |     1 |     1 ||     2
Dodge: Dodged            |    10 |    35 ||    45
